 Dungeon Crawl Stone Soup version 0.17.2-1-ge4368a0 (webtiles) character file.

466 ololoev the Skirmisher (level 6, 17/50 HPs)
             Began as a Demonspawn Fighter on Oct 26, 2016.
             Was an Initiate of Makhleb.
             Quit the game on level 5 of the Dungeon.
             The game lasted 00:04:25 (838 turns).

ololoev the Skirmisher (Demonspawn Fighter)          Turns: 838, Time: 00:04:25

Health: 17/50      AC: 11    Str: 18    XL:     6   Next: 81%
Magic:  5/5        EV:  9    Int:  9    God:    Makhleb [......]
Gold:   96         SH:  0    Dex: 14    Spells: 0 memorised, 5 levels left

rFire  . . .     SeeInvis .     a - +0 war axe
rCold  . . .     Clarity  .     b - +0 scale mail
rNeg   . . .     SustAt   .     (no shield)
rPois  .         Gourm    .     (no helmet)
rElec  .         Spirit   .     (no cloak)
rCorr  .         Warding  .     (no gloves)
rMut   .         Stasis   .     (no boots)
MR     .....                    (no amulet)
Stlth  ..........               (no ring)
                                (no ring)

@: quite poisoned (17 -> 9), not resistant to hostile enchantments, extremely
unstealthy
A: talons 2, rough black scales 1, agile 1, demonic guardian 1, low mp 1
a: Renounce Religion


Innate Abilities, Weirdness & Mutations

You have razor-sharp toenails.
You are partially covered in rough black scales (AC +4, Dex -1).
A weak demonic guardian rushes to your aid.
You are agile. (Dex +2)
Your magical capacity is low (-10% MP).

Inventory:

Hand Weapons
 a - a +0 war axe (weapon)
Missiles
 m - a throwing net (quivered)
Armour
 b - a +0 scale mail (worn)
Scrolls
 c - a scroll of remove curse {unknown}
 f - 2 scrolls of identify {unknown}
 g - a scroll of blinking {unknown}
 h - a scroll of noise {unknown}
 i - a scroll of immolation {unknown}
Books
 l - a book of Necromancy

   Spells                             Type                      Level
   a - Pain                           Necromancy                   1
   b - Animate Skeleton               Necromancy                   1
   c - Vampiric Draining              Necromancy                   3
   d - Regeneration                   Charms/Necromancy            3
   e - Animate Dead                   Necromancy                   4
   f - Control Undead                 Necromancy                   4
Comestibles
 e - 3 bread rations
 j - 3 meat rations
 k - a slice of pizza
 n - a beef jerky
 p - 3 fruits


   Skills:
 + Level 4.8 Fighting
 * Level 4.7 Axes
 + Level 4.1 Armour
   Level 2.6 Shields
 + Level 0.6 Invocations


You had 5 spell levels left.
You didn't know any spells.


You were on level 5 of the Dungeon.
You worshipped Makhleb.
Makhleb was noncommittal.
You were not hungry.

You visited 2 branches of the dungeon, and saw 6 of its levels.

You collected 96 gold pieces.

##.## .
##...###.
##. ... ..
... .?. ..
#.# #{# .#
#.# #a# .#
##.###{##.#
#.†..@..5.#
#..###.####
#..# #.#
#..# #.#
#..# #.#
#..# #.#
#..# #..
#####..#
#..
####......#

Notes
Turn   | Place    | Note
--------------------------------------------------------------
     0 | D:1      | ololoev the Demonspawn Fighter began the quest for the Orb.
     0 | D:1      | Reached XP level 1. HP: 18/18 MP: 1/1
    52 | D:1      | Gained mutation: You have sharp toenails. [demonic ancestry]
    52 | D:1      | Reached XP level 2. HP: 22/24 MP: 2/2
   382 | D:3      | Found a sacrificial altar of Ru.
   448 | D:4      | Noticed Edmund
   462 | D:4      | Killed Edmund
   462 | D:4      | Gained mutation: A weak demonic guardian rushes to your aid. [demonic ancestry]
   462 | D:4      | Reached XP level 3. HP: 10/30 MP: 3/3
   462 | D:4      | Gained mutation: You have razor-sharp toenails. [demonic ancestry]
   462 | D:4      | Reached XP level 4. HP: 12/37 MP: 4/4
   462 | D:4      | Reached XP level 5. HP: 13/42 MP: 5/5
   471 | D:4      | Noticed Sigmund
   476 | D:4      | Killed Sigmund
   476 | D:4      | Reached skill level 4 in Fighting
   476 | D:4      | Gained mutation: You are partially covered in rough black scales (AC +4, Dex -1). [demonic ancestry]
   476 | D:4      | Reached XP level 6. HP: 13/49 MP: 6/6
   507 | D:4      | Found a staircase to the Ecumenical Temple.
   516 | Temple   | Entered the Ecumenical Temple
   582 | Temple   | Became a worshipper of Makhleb the Destroyer
   622 | D:4      | Noticed Eustachio
   641 | D:4      | Killed Eustachio
   680 | D:4      | Found a glowing golden altar of the Shining One.
   795 | D:5      | Entered Level 5 of the Dungeon
   833 | D:5      | Gained mutation: You are agile. (Dex +2) [potion of mutation]
   833 | D:5      | Gained mutation: Your magical capacity is low (-10% MP). [potion of mutation]
   838 | D:5      | Quit the game

Dungeon Overview and Level Annotations

Branches:
Dungeon (5/15)             Temple (1/1) D:4

Altars:
Elyvilon
Gozag
Kikubaaqudgha
Makhleb
Okawaru
Ru
Sif Muna
Vehumet
Yredelemnul
Zin
The Shining One


Message History

Something hits you but does no damage. Something hits you but does no damage.
You miss something. You claw something. Something hits you but does no damage.
Unknown command.
Your ufetubus disappears in a puff of smoke!
Something hits you but does no damage.
You miss something. Something completely misses you.
Your scale mail prevents you from hitting something.
The orc wizard mumbles some strange words.
The orc wizard flickers and vanishes!
You hear some strange, mumbled words.
Something tries to affect you, but you resist.
You closely miss something. You claw something.
Something hits you but does no damage.
You hear some strange, mumbled words.
A magic dart appears from out of thin air!
The magic dart hits you!
You miss something. Your kick misses something.
Something hits you but does no damage.
Drink which item? (? for menu, Esc to quit)
It was a potion of mutation.
You feel extremely strange.
You feel agile.
You feel less energetic.
You hear some strange, mumbled words.
A puff of flame appears from out of thin air!
The puff of flame hits you!
Drink which item? (? for menu, Esc to quit)
It was a potion of poison.
That liquid tasted very nasty...
You are poisoned.
You feel sick. Something hits you but does no damage.
You closely miss something.
You feel sick. Something hits you but does no damage.
The worker ant waves its antennae.
You hit something. Your kick misses something.
You feel sick. Something hits you but does no damage.
Your scale mail prevents you from hitting something.
Your kick misses something.
You feel sick. Something hits you but does no damage.
You hear some strange, mumbled words.
Something tries to affect you, but you resist.
Are you sure you want to abandon this character and quit the game? (Confirm with "yes".)

You could see a worker ant and a friendly crimson imp.

Vanquished Creatures
  Sigmund (D:4)
  Eustachio (D:4)
  Edmund (D:4)
  An orc wizard (D:4)
  A worker ant (D:4)
  2 adders
  2 worms
  4 giant geckos
  2 orcs (D:4)
  2 bats
  A hobgoblin (D:1)
  5 kobolds
  A giant newt (D:2)
  A goblin (D:3)
  2 quokkas
  6 rats
33 creatures vanquished.

Vanquished Creatures (collateral kills)
  An orc (D:4)
1 creature vanquished.

Grand Total: 34 creatures vanquished

Action                   |  1- 3 |  4- 6 || total
-------------------------+-------+-------++-------
Melee: War axe           |    61 |    60 ||   121
  Use: Potion            |     1 |     2 ||     3

Vault maps used:
D:1:      erik_arrival_orb_chamber
D:2:      nicolae_overflow_hidden_temple, due_unseen_surprise
D:3:      lemuel_doored_altar, uniq_crazy_yiuf_cottage
D:4:      tso_oasis_becter, marbit_many_paths, minmay_temple_entry_trees,
          first_bread, uniq_eustachio, uniq_sigmund, uniq_edmund
D:5:      cheibrodos_worm_habitat
Temple:   jpeg_temple_clearing_9
